MID
QUAD CITIES RIVER BANDITS @ BELOIT SNAPPERS
06/29/2044
 
TOP OF THE 1ST
Quad Cities River Bandits batting - Pitching for Beloit Snappers : RHP Mike Bowling
Pitching: RHP Mike Bowling
Batting: LHB Kelvin Jones 0-0: Ball
1-0: Ball
2-0: Swinging Strike
2-1: Ball
3-1: Ground out 6-3 (Groundball, 6, EV 90.6 MPH)
Batting: RHB Colin Cranford 0-0: Ball
1-0: Bunt for hit to 15S - play at first, batter OUT! 1-3
Batting: LHB Doug Anderson 0-0: Ball
1-0: Ball
2-0: Swinging Strike
2-1: Foul Ball, location: 2F
2-2: Ball
3-2: Base on Balls
Batting: RHB Pete Isley 0-0: Ball
1-0: Ball
2-0: Ball
3-0: Called Strike
3-1: Ground out 4-3 (Groundball, 4, EV 81.9 MPH)
Top of the 1st over - 0 runs, 0 hits, 0 errors, 1 left on base; Quad Cities 0 - Beloit 0
BOTTOM OF THE 1ST
Beloit Snappers batting - Pitching for Quad Cities River Bandits : RHP Manny Bonilla
Pitching: RHP Manny Bonilla
Batting: RHB Willie de los Santos 0-0: Ball
1-0: Ball
2-0: Fly out, F7 (Flyball, 7S, EV 82.5 MPH)
Batting: RHB Dan Boylan 0-0: Ground out 6-3 (Groundball, 6M, EV 108.1 MPH)
Batting: SHB D.J. Codd 0-0: Called Strike
0-1: Foul Ball, location: 2F
0-2: Foul Ball, location: 2F
0-2: Ball
1-2: Ball
2-2: Strikes out looking
Bottom of the 1st over - 0 runs, 0 hits, 0 errors, 0 left on base; Quad Cities 0 - Beloit 0
TOP OF THE 2ND
Quad Cities River Bandits batting - Pitching for Beloit Snappers : RHP Mike Bowling
Batting: RHB Raul Sanchez 0-0: Ball
1-0: Ball
2-0: Ball
3-0: Base on Balls
Batting: SHB Paskar Adegoke 0-0: Ball
1-0: Called Strike
1-1: Swinging Strike
1-2: Foul Ball, location: 2F
1-2: Ball
2-2: Grounds into double play, 1-4-3 (Groundball, 15, EV 70.6 MPH)
Batting: RHB Joe Cook 0-0: Foul Ball, location: 2F
0-1: Ground out 4-3 (Groundball, 4, EV 83.8 MPH)
Top of the 2nd over - 0 runs, 0 hits, 0 errors, 0 left on base; Quad Cities 0 - Beloit 0
BOTTOM OF THE 2ND
Beloit Snappers batting - Pitching for Quad Cities River Bandits : RHP Manny Bonilla
Batting: RHB Scott Wiggs 0-0: Ball
1-0: Foul Ball, location: 2F
1-1: Ball
2-1: Swinging Strike
2-2: Ball
3-2: Fly out, F8 (Flyball, 8RD, EV 106.2 MPH)
Batting: RHB Manny Vizzerra 0-0: Called Strike
0-1: Ball
1-1: Foul Ball, location: 2F
1-2: SOLO HOME RUN (Flyball, 7D, EV 97.5 MPH), Distance : 398 ft
Batting: RHB Rick Linders 0-0: Ground out 4-3 (Groundball, 4, EV 84.4 MPH)
Batting: RHB Travis Lanctot 0-0: Ball
1-0: Called Strike
1-1: Fly out, F7 (Flyball, 78D, EV 103.1 MPH)
Bottom of the 2nd over - 1 run, 1 hit, 0 errors, 0 left on base; Quad Cities 0 - Beloit 1
TOP OF THE 3RD
Quad Cities River Bandits batting - Pitching for Beloit Snappers : RHP Mike Bowling
Batting: SHB Salvador Gomez 0-0: Ground out U3 (Groundball, 34, EV 109.4 MPH)
Batting: RHB Steve Moore 0-0: Swinging Strike
0-1: Swinging Strike
0-2: Ball
1-2: Foul Ball, location: 2F
1-2: Strikes out looking
Batting: LHB Kelvin Jones 0-0: Ball
1-0: Fly out, F9 (Flyball, 89M, EV 93.8 MPH)
Top of the 3rd over - 0 runs, 0 hits, 0 errors, 0 left on base; Quad Cities 0 - Beloit 1
BOTTOM OF THE 3RD
Beloit Snappers batting - Pitching for Quad Cities River Bandits : RHP Manny Bonilla
Batting: LHB Raita Inouye 0-0: Ball
1-0: Ball
2-0: Foul Ball, location: 2F
2-1: Foul Ball, location: 2F
2-2: Strikes out looking
Batting: RHB Brian Rathbun 0-0: Ball
1-0: Swinging Strike
1-1: Swinging Strike
1-2: Ball
2-2: Strikes out swinging
Batting: RHB Willie de los Santos 0-0: Ball
1-0: Called Strike
1-1: Swinging Strike
1-2: Ball
2-2: Foul Ball, location: 2F
2-2: Ground out 4-3 (Groundball, 4, EV 103.1 MPH)
Bottom of the 3rd over - 0 runs, 0 hits, 0 errors, 0 left on base; Quad Cities 0 - Beloit 1
TOP OF THE 4TH
Quad Cities River Bandits batting - Pitching for Beloit Snappers : RHP Mike Bowling
Batting: RHB Colin Cranford 0-0: Swinging Strike
0-1: Called Strike
0-2: Foul Ball, location: 2F
0-2: Strikes out looking
Batting: LHB Doug Anderson 0-0: Swinging Strike
0-1: Ball
1-1: Ground out 4-3 (Groundball, 4, EV 83.1 MPH)
Batting: RHB Pete Isley 0-0: Ball
1-0: Foul Ball, location: 2F
1-1: Ball
2-1: Ball
3-1: Base on Balls
Batting: RHB Raul Sanchez 0-0: Swinging Strike
0-1: Ball
1-1: Called Strike
1-2: Ball
2-2: Strikes out looking
Top of the 4th over - 0 runs, 0 hits, 0 errors, 1 left on base; Quad Cities 0 - Beloit 1
BOTTOM OF THE 4TH
Beloit Snappers batting - Pitching for Quad Cities River Bandits : RHP Manny Bonilla
Batting: RHB Dan Boylan 0-0: Ball
1-0: Called Strike
1-1: TRIPLE (Line Drive, 8LXD, EV 108.8 MPH)
Batting: SHB D.J. Codd 0-0: Swinging Strike
0-1: Ball
1-1: Foul Ball, location: 2F
1-2: Foul Ball, location: 2F
1-2: Foul Ball, location: 2F
1-2: Foul Ball, location: 2F
1-2: Ball
2-2: Strikes out swinging
Batting: RHB Scott Wiggs 0-0: Ground out 6-3 (Groundball, 6, EV 101.2 MPH)
Dan Boylan scores
Batting: RHB Manny Vizzerra 0-0: Called Strike
0-1: Ball
1-1: Ball
2-1: Called Strike
2-2: Strikes out swinging
Bottom of the 4th over - 1 run, 1 hit, 0 errors, 0 left on base; Quad Cities 0 - Beloit 2
TOP OF THE 5TH
Quad Cities River Bandits batting - Pitching for Beloit Snappers : RHP Mike Bowling
Batting: SHB Paskar Adegoke 0-0: Ball
1-0: TRIPLE (Flyball, 78XD, EV 102.5 MPH)
Batting: RHB Joe Cook 0-0: Ball
1-0: Called Strike
1-1: Ball
2-1: Ball
Wild Pitch!
Paskar Adegoke scores
3-1: SINGLE (Groundball, 56D, EV 103.1 MPH)
Batting: SHB Salvador Gomez 0-0: Ball
1-0: Called Strike
1-1: Fielders Choice at 2nd, 4-6 (Groundball, 4, EV 83.8 MPH)
Batting: RHB Steve Moore 0-0: Ball
1-0: Fielders Choice at 2nd, 2-4 (Groundball, 2L, EV 63.1 MPH)
Batting: LHB Kelvin Jones 0-0: Ball
1-0: Ball
2-0: Called Strike
2-1: Ball
3-1: Foul Ball, location: 2F
3-2: Strikes out swinging
Top of the 5th over - 1 run, 2 hits, 0 errors, 1 left on base; Quad Cities 1 - Beloit 2
BOTTOM OF THE 5TH
Beloit Snappers batting - Pitching for Quad Cities River Bandits : RHP Manny Bonilla
Batting: RHB Rick Linders 0-0: Ball
1-0: Called Strike
1-1: Ground out 6-3 (Groundball, 6S, EV 72.5 MPH)
Batting: RHB Travis Lanctot 0-0: Called Strike
0-1: Ground out 4-3 (Groundball, 4M, EV 85.0 MPH)
Batting: LHB Raita Inouye 0-0: Ball
1-0: Foul Ball, location: 2F
1-1: Ball
2-1: Ball
3-1: Foul Ball, location: 2F
3-2: Strikes out swinging
Bottom of the 5th over - 0 runs, 0 hits, 0 errors, 0 left on base; Quad Cities 1 - Beloit 2
TOP OF THE 6TH
Quad Cities River Bandits batting - Pitching for Beloit Snappers : RHP Mike Bowling
Batting: RHB Colin Cranford 0-0: Ball
1-0: Foul Ball, location: 2F
1-1: Ball
2-1: SOLO HOME RUN (Flyball, 7D, EV 96.2 MPH), Distance : 351 ft
Batting: LHB Doug Anderson 0-0: Fly out, F7 (Line Drive, 7, EV 87.5 MPH)
Batting: RHB Pete Isley 0-0: Fly out, F6 (Line Drive, 6, EV 70.0 MPH)
Batting: RHB Raul Sanchez 0-0: Swinging Strike
0-1: Ball
1-1: Ball
2-1: Foul Ball, location: 2F
2-2: SINGLE (Groundball, 4MD, EV 106.2 MPH)
Pitching: RHP Steve Friesner
Batting: SHB Paskar Adegoke 0-0: Ground out 4-3 (Groundball, 4S, EV 82.5 MPH)
Top of the 6th over - 1 run, 2 hits, 0 errors, 1 left on base; Quad Cities 2 - Beloit 2
BOTTOM OF THE 6TH
Beloit Snappers batting - Pitching for Quad Cities River Bandits : RHP Manny Bonilla
Batting: RHB Brian Rathbun 0-0: Ball
1-0: Called Strike
1-1: Called Strike
1-2: Strikes out swinging
Batting: RHB Willie de los Santos 0-0: Ball
1-0: Foul Ball, location: 2F
1-1: Foul Ball, location: 2F
1-2: Foul Ball, location: 2F
1-2: Ball
2-2: Foul Ball, location: 2F
2-2: Ground out 1-3 (Groundball, P, EV 66.9 MPH)
Batting: RHB Dan Boylan 0-0: Ball
1-0: Called Strike
1-1: Foul Ball, location: 2F
1-2: SINGLE (Groundball, 6S, EV 69.4 MPH) (infield hit)
Batting: SHB D.J. Codd 0-0: Ball
Dan Boylan steals 2nd base (no throw)
1-0: SINGLE (Groundball, 4D, EV 98.1 MPH)
Dan Boylan to third
Runner from 3rd tries for Home, SAFE, throw by RF to home
Batting: RHB Scott Wiggs 0-0: Ball
1-0: Swinging Strike
1-1: Ball
2-1: 2-RUN HOME RUN (Line Drive, 78XD, EV 101.9 MPH), Distance : 404 ft
Batting: RHB Manny Vizzerra 0-0: Ball
1-0: Foul Ball, location: 2F
1-1: Swinging Strike
1-2: DOUBLE (Groundball, 5L, EV 104.4 MPH)
Batting: RHB Rick Linders 0-0: Ball
1-0: Ground out 4-3 (Groundball, 34, EV 90.6 MPH)
Bottom of the 6th over - 3 runs, 4 hits, 0 errors, 1 left on base; Quad Cities 2 - Beloit 5
TOP OF THE 7TH
Quad Cities River Bandits batting - Pitching for Beloit Snappers : RHP Steve Friesner
Batting: RHB Joe Cook 0-0: Ball
1-0: Foul Ball, location: 2F
1-1: Fly out, F8 (Flyball, 8LD, EV 91.2 MPH)
Batting: SHB Salvador Gomez 0-0: Called Strike
0-1: Reached on error, E5 (Groundball, 5L, EV 105.6 MPH)
Batting: RHB Steve Moore 0-0: Called Strike
0-1: Fly out, F7 (Flyball, 78D, EV 100.6 MPH)
Batting: LHB Kelvin Jones 0-0: Ground out U3 (Groundball, 3, EV 103.8 MPH)
Top of the 7th over - 0 runs, 0 hits, 1 error, 1 left on base; Quad Cities 2 - Beloit 5
BOTTOM OF THE 7TH
Beloit Snappers batting - Pitching for Quad Cities River Bandits : RHP Manny Bonilla
Batting: RHB Travis Lanctot 0-0: Ground out 1-3 (Groundball, 13, EV 68.1 MPH)
Batting: LHB Raita Inouye 0-0: Called Strike
0-1: Ball
1-1: Ball
2-1: Ball
3-1: Called Strike
3-2: Foul Ball, location: 2F
3-2: Ground out 6-3 (Groundball, 6, EV 101.2 MPH)
Batting: RHB Brian Rathbun 0-0: Ball
1-0: Ball
2-0: Ball
3-0: Base on Balls
Batting: RHB Willie de los Santos 0-0: Ball
1-0: Called Strike
1-1: Called Strike
1-2: Ball
2-2: Strikes out swinging
Bottom of the 7th over - 0 runs, 0 hits, 0 errors, 1 left on base; Quad Cities 2 - Beloit 5
TOP OF THE 8TH
Quad Cities River Bandits batting - Pitching for Beloit Snappers : RHP Steve Friesner
Batting: RHB Colin Cranford 0-0: Foul Ball, location: 2F
0-1: Ball
1-1: Ground out 4-3 (Groundball, 4, EV 86.9 MPH)
Batting: LHB Doug Anderson 0-0: Ball
1-0: Foul Ball, location: 2F
1-1: Ball
2-1: Foul Ball, location: 2F
2-2: Ball
3-2: Base on Balls
Batting: RHB Pete Isley 0-0: Ball
1-0: Ball
2-0: Fly out, F9 (Line Drive, 9, EV 90.0 MPH)
Batting: RHB Raul Sanchez 0-0: Ball
1-0: Called Strike
1-1: Foul Ball, location: 2F
1-2: Strikes out swinging
Top of the 8th over - 0 runs, 0 hits, 0 errors, 1 left on base; Quad Cities 2 - Beloit 5
BOTTOM OF THE 8TH
Beloit Snappers batting - Pitching for Quad Cities River Bandits : RHP Manny Bonilla
Pitching: RHP Justin Coney
Batting: RHB Dan Boylan 0-0: Ball
1-0: Ball
2-0: Fly out, F7 (Flyball, 7, EV 91.9 MPH)
Batting: SHB D.J. Codd 0-0: Ground out U3 (Groundball, 3L, EV 103.8 MPH)
Batting: RHB Scott Wiggs 0-0: Ball
1-0: Called Strike
1-1: Ball
2-1: Ground out 5-3 (Groundball, 56, EV 109.4 MPH)
Bottom of the 8th over - 0 runs, 0 hits, 0 errors, 0 left on base; Quad Cities 2 - Beloit 5
TOP OF THE 9TH
Quad Cities River Bandits batting - Pitching for Beloit Snappers : RHP Steve Friesner
Pitching: RHP Ubbe Dekker
Batting: SHB Paskar Adegoke 0-0: Called Strike
0-1: Ball
1-1: Called Strike
1-2: Strikes out swinging
Batting: RHB Joe Cook 0-0: Called Strike
0-1: Ball
1-1: Called Strike
1-2: Ball
2-2: Strikes out swinging
Batting: SHB Salvador Gomez 0-0: Ball
1-0: SINGLE (Line Drive, 9S, EV 90.6 MPH)
Batting: RHB Steve Moore 0-0: Ground out 5-3 (Groundball, 5L, EV 101.9 MPH)
Top of the 9th over - 0 runs, 1 hit, 0 errors, 1 left on base; Quad Cities 2 - Beloit 5
Thursday, March 31st , 2022 - OOTP Baseball 22.12 Build 89